 Dungeon Crawl Stone Soup version 0.21.1-1-g345015f (webtiles) character file.

29018 valkyrieboi the Severer (level 13, -6/119 HPs)
             Began as a Minotaur Berserker on June 5, 2018.
             Was a High Priest of Trog.
             Mangled by a skeletal warrior
             ... wielding a cursed +0 halberd
             ... led by a skeletal warrior
              (11 damage)
             ... on level 14 of the Dungeon.
             The game lasted 00:35:54 (15806 turns).

valkyrieboi the Severer (Minotaur Berserker)       Turns: 15806, Time: 00:35:54

Health: -6/119     AC: 15    Str: 24    XL:     13   Next: 12%
Magic:  0/12       EV: 22    Int: 11    God:    Trog [*****.]
Gold:   727        SH:  0    Dex: 15    Spells: 12/12 levels left

rFire    + . .     SeeInvis .   T - +8 hand axe (elec)
rCold    . . .     Gourm    .   (no shield)
rNeg     . . .     Faith    .   Q - +1 ring mail of the Seventy-Seven Beds {Int+4}
rPois    .         Spirit   +   (helmet restricted)
rElec    .         Reflect  .   l - scarf {repulsion}
rCorr    .         Harm     .   O - +2 pair of gloves
MR       .....                  R - +2 pair of boots {Fly}
Stlth    +.........             H - amulet of guardian spirit
HPRegen  0.29/turn              d - +2 ring of evasion
MPRegen  0.13/turn              a - ring of Zadorem {rF+ EV+1 Str+2 Int+3}

@: vulnerable, flying, very slightly contaminated, hasted, repel missiles, very
quick
A: retaliatory headbutt, horns 2
a: Berserk, Trog's Hand, Brothers in Arms, Burn Spellbooks, Renounce Religion,
Stop Flying


You were on level 14 of the Dungeon.
You worshipped Trog.
Trog was extremely pleased with you.
You were not hungry.

You visited 2 branches of the dungeon, and saw 15 of its levels.
You also visited: Labyrinth and Sewer.

You collected 727 gold pieces.

Inventory:

Hand Weapons
 s - a +6 war axe
 T - a +8 hand axe of electrocution (weapon)
Missiles
 z - 4 tomahawks (quivered)
 A - 13 bolts
 F - 483 arrows
Armour
 l - a scarf of repulsion (worn)
 O - a +2 pair of gloves (worn)
 Q - the +1 ring mail of the Seventy-Seven Beds (worn) {Int+4}
   (You found it on level 10 of the Dungeon)

   It affects your intelligence (+4).
 R - a +2 pair of boots of flying (worn)
Jewellery
 a - the ring of Zadorem (right hand) {rF+ EV+1 Str+2 Int+3}
   (You found it on level 5 of the Dungeon)

   [ring of evasion]

   It affects your evasion (+1).
   It affects your strength (+2).
   It affects your intelligence (+3).
   It protects you from fire.
 d - a +2 ring of evasion (left hand)
 H - an amulet of guardian spirit (around neck)
Scrolls
 b - 2 scrolls of enchant armour
 f - 4 scrolls of immolation
 k - 8 scrolls of remove curse
 m - 2 scrolls of magic mapping
 p - a scroll of fog
Potions
 e - 3 potions of mutation
 g - 5 potions of curing
 h - 2 potions of agility
 i - 2 potions of magic
 o - 4 potions of might
 r - 2 potions of haste
 L - a potion of ambrosia
Comestibles
 c - 27 rations


   Skills:
 + Level 12.5 Fighting
 - Level 16.0 Axes
 + Level 12.2 Armour
 + Level 11.3 Dodging


You had 12 spell levels left.
You didn't know any spells.

Dungeon Overview and Level Annotations

Branches:
Dungeon (14/15)            Temple (1/1) D:4            Lair (0/6) D:11
    Orc (0/2) D:12
 Vaults: D:13-14

Altars:
Ashenzari
Cheibriados
Fedhas
Gozag
Hepliaklqana
Kikubaaqudgha
Makhleb
Ru
Sif Muna
Trog
Vehumet
Zin
Beogh

Shops:
D:5 :


Innate Abilities, Weirdness & Mutations

You reflexively headbutt those who attack you in melee.
You have a pair of horns on your head.


Message History

The skeletal warrior closely misses you. x2
The skeletal warrior misses you.
The centaur warrior shoots an arrow.
The arrow is repelled.
The arrow hits the skeletal warrior!
The arrow freezes the skeletal warrior.
You feel much better.
The skeletal warrior hits you with a flail.
* * * LOW HITPOINT WARNING * * *
Okay, then.
As you read the scroll of fog, it crumbles to dust.
The scroll dissolves into smoke.
The skeletal warrior hits you but does no damage. x2
The skeletal warrior barely misses you.
The centaur warrior shoots an arrow.
The arrow misses you.
The arrow hits the skeletal warrior.
The arrow freezes the skeletal warrior.
Your ogre goes berserk!
You feel somewhat more hungry.
The skeletal warrior hits you with a flail!
* * * LOW HITPOINT WARNING * * *
The skeletal warrior hits you from afar with a halberd!
You die...

....(.......(#(...........[.))...
c.D####....oJJ...............†...
..§........W(..(>..........######
...####..(.(...............# #
...# #.((((..((...........# #
........######c(...........# #
#.......# #.§zz......#### #
#.......# #O§z§§.....# # ......
#§§@§§.....# # .... ###z########
# .... #(# # #(# #.# #(#
...e....# ........# ........#


You could see 4 skeletal warriors, a slime creature, a centaur warrior, a
phantasmal warrior, an orc and a friendly ogre (berserk).

Vanquished Creatures
  Josephine (D:13)
  A centaur warrior (D:13)
  A catoblepas (D:14)
  4 two-headed ogres
  The ghost of Rathner the Fighter, a novice GnWn of Okawaru (D:9)
  A wizard (D:11)
  3 ugly things (D:14)
  A deep elf mage (D:12)
  An oklob plant (D:13)
  2 cyclopes (D:12)
  A manticore (D:14)
  A kobold demonologist (D:13)
  A centaur skeleton (D:11)
  4 trolls
  A hornet (D:11)
  4 slime creatures (D:13)
  4 hippogriffs
  3 shadows
  15 yaks
  4 wraiths
  2 wyverns (D:11)
  Eustachio (D:5)
  The ghost of dedward the Charmwright, an amateur GnSk of Nemelex Xobeh (D:3)
  3 vampire mosquitoes (D:12)
  2 hungry ghosts (D:11)
  Edmund (D:4)
  Duvessa (D:7)
  2 acid dragons (D:13)
  A water moccasin (D:5)
  A porcupine (D:11)
  A black bear (D:10)
  2 ice beasts
  5 orc warriors
  4 phantoms
  5 sky beasts
  2 eyes of draining
  3 ogres
  21 centaurs
  4 big kobolds
  9 bullfrogs
  Dowan (D:7)
  A wyvern zombie (D:9)
  3 wyvern skeletons
  8 scorpions
  9 killer bees
  21 wights
  A centaur zombie (D:8)
  3 howler monkeys
  9 crimson imps
  4 jellies
  8 orc priests
  8 hounds
  4 iguanas
  9 orc wizards
  2 bullfrog skeletons
  8 worker ants
  2 hound skeletons
  A howler monkey zombie (D:9)
  15 adders
  A river rat (D:4)
  4 shadow imps
  An ooze (D:2)
  An adder zombie (D:8)
  2 worms (D:3)
  2 dart slugs
  A leopard gecko (D:4)
  41 orcs
  9 bats
  10 giant cockroaches
  16 hobgoblins
  11 jackals
  25 kobolds
  4 quokkas
  2 ball pythons
  8 frilled lizards
  3 goblins
  A jackal skeleton (D:4)
  A leopard gecko skeleton (D:4)
  A leopard gecko zombie (D:5)
  A quokka skeleton (D:7)
  4 rats
  3 fungi
  15 plants
409 creatures vanquished.

Vanquished Creatures (collateral kills)
  A minotaur (Lab)
  2 hydras
  A centaur warrior (D:14)
  A death knight (D:14)
  A cyclops (D:14)
  6 ugly things (D:14)
  A wraith (D:14)
  A basilisk (D:14)
  2 wights (D:14)
  A hound (D:14)
17 creatures vanquished.

Vanquished Creatures (others)
  20 fungi (D:11)
  4 plants (D:11)
24 creatures vanquished.

Grand Total: 450 creatures vanquished

Notes
Turn   | Place    | Note
-------+----------+-------------------------------------------
     0 | D:1      | valkyrieboi the Minotaur Berserker began the quest for the Orb.
     0 | D:1      | Reached XP level 1. HP: 19/19 MP: 0/0
   175 | D:1      | Reached XP level 2. HP: 11/27 MP: 1/1
   178 | D:1      | Reached skill level 4 in Axes
   904 | D:1      | Reached ** piety under Trog
   904 | D:1      | Reached XP level 3. HP: 32/33 MP: 2/2
  1143 | D:2      | Found a glowing silver altar of Zin.
  1143 | D:2      | Found a snail-covered altar of Cheibriados.
  1748 | D:3      | Found an opulent altar of Gozag.
  1828 | D:3      | Found a radiant altar of Vehumet.
  1848 | D:3      | Noticed dedward's ghost (amateur GnSk)
  1857 | D:3      | Reached XP level 4. HP: 34/40 MP: 3/3
  1872 | D:3      | Killed dedward's ghost
  1872 | D:3      | Reached skill level 5 in Axes
  1872 | D:3      | Reached XP level 5. HP: 33/47 MP: 4/4
  1876 | D:3      | Reached XP level 6. HP: 40/55 MP: 5/5
  2085 | D:3      | Found an ancient bone altar of Kikubaaqudgha.
  2472 | D:4      | Reached skill level 6 in Axes
  2494 | D:4      | Noticed Edmund
  2504 | D:4      | Reached skill level 5 in Fighting
  2507 | D:4      | Killed Edmund
  2531 | D:4      | Reached XP level 7. HP: 52/61 MP: 6/6
  2584 | D:4      | Found a staircase to the Ecumenical Temple.
  2671 | D:4      | Reached *** piety under Trog
  2691 | D:4      | Found a glowing drain.
  2696 | Sewer    | Entered a sewer
  3465 | D:4      | Reached skill level 7 in Axes
  3481 | D:4      | Reached skill level 5 in Armour
  4016 | D:5      | Entered Level 5 of the Dungeon
  4159 | D:5      | Found Leclixke's Book Emporium.
  4203 | D:5      | Reached **** piety under Trog
  4253 | D:5      | Got an ancient copper ring
  4433 | D:5      | Reached skill level 8 in Axes
  4433 | D:5      | Reached skill level 5 in Dodging
  4433 | D:5      | Reached XP level 8. HP: 58/70 MP: 7/7
  4740 | D:5      | Noticed Eustachio
  4754 | D:5      | Killed Eustachio
  5223 | D:6      | Reached skill level 9 in Axes
  5233 | D:6      | Found a hazy altar of Hepliaklqana.
  5632 | D:7      | Noticed a hippogriff
  5641 | D:7      | Killed a hippogriff
  5641 | D:7      | Reached ***** piety under Trog
  5641 | D:7      | Reached XP level 9. HP: 61/79 MP: 8/8
  5914 | D:7      | Noticed Duvessa
  5914 | D:7      | Noticed Dowan
  5926 | D:7      | Killed Duvessa
  5928 | D:7      | Killed Dowan
  5928 | D:7      | Reached skill level 10 in Axes
  6584 | D:8      | Identified the ring of Zadorem {rF+ EV+1 Str+2 Int+3} (You found it on level 5 of the Dungeon)
  6709 | D:8      | Found a bloodstained altar of Trog.
  6737 | D:8      | Found a burning altar of Makhleb.
  6837 | D:8      | Found a deep blue altar of Sif Muna.
  6999 | D:8      | Reached skill level 11 in Axes
  7005 | D:8      | Reached XP level 10. HP: 79/90 MP: 9/9
  7593 | D:9      | Found a shattered altar of Ashenzari.
  7608 | D:9      | Noticed Rathner's ghost (novice GnWn)
  7633 | D:9      | Killed Rathner's ghost
  7633 | D:9      | Reached skill level 12 in Axes
  8443 | D:9      | Noticed a two-headed ogre
  8453 | D:9      | Killed a two-headed ogre
  8643 | D:10     | Entered Level 10 of the Dungeon
  8680 | D:10     | Reached XP level 11. HP: 99/99 MP: 10/10
  8724 | D:10     | Reached skill level 13 in Axes
  8801 | D:10     | Got a bloodstained ring mail
  8812 | D:10     | Identified the cursed +1 ring mail of the Seventy-Seven Beds {Int+4} (You found it on level 10 of the Dungeon)
  9063 | D:10     | Reached skill level 10 in Fighting
  9283 | D:10     | Noticed a two-headed ogre
  9290 | D:10     | Received a gift from Trog
  9295 | D:10     | Killed a two-headed ogre
  9900 | D:11     | Noticed a seven-headed hydra
  9956 | D:11     | Killed a seven-headed hydra
  9956 | D:11     | Reached skill level 10 in Armour
 10088 | D:11     | Found a staircase to the Lair.
 10414 | D:11     | Reached skill level 14 in Axes
 10684 | D:11     | Noticed a wizard
 10693 | D:11     | Killed a wizard
 10862 | D:11     | Noticed a two-headed ogre
 10874 | D:11     | Killed a two-headed ogre
 11318 | D:12     | Found a staircase to the Orcish Mines.
 11344 | D:12     | Noticed a two-headed ogre
 11500 | D:12     | Reached XP level 12. HP: 110/110 MP: 11/11
 11502 | D:12     | Killed a two-headed ogre
 11502 | D:12     | Reached skill level 10 in Dodging
 11714 | D:12     | Found a sacrificial altar of Ru.
 11785 | D:12     | Reached ****** piety under Trog
 12092 | D:12     | Reached skill level 15 in Axes
 12206 | D:12     | Found a roughly hewn altar of Beogh.
 12437 | D:13     | Found a labyrinth entrance.
 12451 | Lab      | Entered a labyrinth
 13658 | Lab      | Noticed a minotaur
 13661 | Lab      | Killed a minotaur
 13851 | D:13     | Found a blossoming altar of Fedhas.
 14003 | D:13     | Received a gift from Trog
 14173 | D:13     | Noticed Josephine
 14179 | D:13     | Killed Josephine
 14287 | D:13     | Noticed a centaur warrior
 14297 | D:13     | Killed a centaur warrior
 14809 | Temple   | Entered the Ecumenical Temple
 15322 | D:14     | Noticed a four-headed hydra
 15328 | D:14     | Killed a four-headed hydra
 15343 | D:14     | Reached skill level 16 in Axes
 15398 | D:14     | Noticed a catoblepas
 15406 | D:14     | Killed a catoblepas
 15409 | D:14     | Noticed a centaur warrior
 15426 | D:14     | Noticed a two-headed ogre
 15433 | D:14     | Noticed a centaur warrior
 15438 | D:14     | Killed a centaur warrior
 15438 | D:14     | Reached XP level 13. HP: 60/118 MP: 3/12
 15801 | D:14     | HP: 4/119 [skeletal warrior/flail (10)]
 15803 | D:14     | HP: 1/119 [skeletal warrior/flail (19)]
 15806 | D:14     | Mangled by a skeletal warrior

Skill      XL: |  1  2  3  4  5  6  7  8  9 10 11 12 |
---------------+-------------------------------------+-----
Axes           | 4 5 6 8 9 11 12 14 16 | 16.0
Fighting       | 4 5 6 7 8 9 11 12 | 12.5
Armour         | 3 4 5 6 8 9 10 12 | 12.2
Dodging        | 3 4 5 6 7 8 9 11 | 11.3

Action                   |  1- 3 |  4- 6 |  7- 9 | 10-12 | 13-15 || total
-------------------------+-------+-------+-------+-------+-------++-------
Melee: Hand axe          |   106 |    50 |   344 |    60 |    18 ||   578
       Headbutt          |    10 |     7 |   150 |   153 |     8 ||   328
       War axe           |       |       |   197 |   288 |       ||   485
       Battleaxe         |       |       |       |   233 |       ||   233
Invok: Berserk           |       |     2 |     3 |     4 |       ||     9
       Brothers in Arms  |       |       |       |     5 |     5 ||    10
  Use: Scroll            |       |       |       |    27 |     4 ||    31
       Potion            |       |       |       |     1 |     7 ||     8
 Stab: Sleeping          |       |       |       |     4 |       ||     4
       Distracted        |       |       |       |     2 |     1 ||     3
  Eat: Chunk             |     3 |     4 |    19 |    27 |     2 ||    55
       Ration            |       |       |       |     2 |     1 ||     3
Armor: Animal skin       |     7 |       |       |       |       ||     7
       Plate armour      |    39 |    36 |   230 |    87 |       ||   392
       Ring mail         |       |       |       |   106 |    11 ||   117
Dodge: Dodged            |    54 |    19 |   159 |   465 |    35 ||   732
       Deflected         |       |       |       |    37 |     6 ||    43
